 Dungeon Crawl Stone Soup version 0.22-a0-533-g4d20840 (webtiles) character file.

22 gmonis the Firebug (level 2, 0/20 HPs)
             Began as a Draconian Fire Elementalist on June 22, 2018.
             Succumbed to an adder's poison
             ... on level 2 of the Dungeon.
             The game lasted 00:01:55 (1234 turns).

gmonis the Firebug (Draconian Fire Elementalist)    Turns: 1234, Time: 00:01:55

Health: 0/20       AC:  4    Str: 10    XL:     2   Next: 68%
Magic:  1/5        EV: 12    Int: 15    God:
Gold:   19         SH:  0    Dex: 11    Spells: 4/5 levels left

rFire    . . .     SeeInvis .   (no weapon)
rCold    . . .     Gourm    .   (no shield)
rNeg     . . .     Faith    .   (armour unavailable)
rPois    .         Spirit   .   (helmet restricted)
rElec    .         Reflect  .   (no cloak)
rCorr    .         Harm     .   (no gloves)
MR       .....                  (no boots)
Stlth    ++........             (no amulet)
HPRegen  0.06/turn              (no ring)
MPRegen  0.09/turn              (no ring)

@: lethally poisoned (0 -> -5), very slightly contaminated
A: unfitting armour, cold-blooded, AC +4
a: no special abilities


You were on level 2 of the Dungeon.
You were not hungry.

You visited 1 branch of the dungeon, and saw 2 of its levels.

You collected 19 gold pieces.

Inventory:

Scrolls
 c - a scroll of immolation {unknown}
 d - a scroll of random uselessness {unknown}
Potions
 a - a potion of brilliance {unknown}
 e - a potion of heal wounds {unknown}
 f - a potion of lignification {unknown}
Comestibles
 b - 4 rations
 g - a chunk of flesh


   Skills:
 - Level 1.7 Dodging
 - Level 1.7 Stealth
 + Level 2.4 Spellcasting
 + Level 1.7 Conjurations
 + Level 3.3 Fire Magic


You had 4 spell levels left.
You knew the following spells:

 Your Spells              Type           Power        Failure   Level  Hunger
a - Flame Tongue          Conj/Fire      #....        8%          1    #......

Your spell library contained the following spells:

 Spells                   Type           Power        Failure   Level  Hunger
 Fireball                 Conj/Fire      #.........   91%         5    ######.
 Conjure Flame            Conj/Fire      #.......     22%         3    ###....
 Throw Flame              Conj/Fire      #.....       12%         2    ###....
 Sticky Flame             Conj/Fire      #.......     58%         4    #####..
 Inner Flame              Hex/Fire       #.......     32%         3    ###....


Dungeon Overview and Level Annotations

Branches:
Dungeon (2/15)

Altars:


Innate Abilities, Weirdness & Mutations

Your plain brown scales are hard. (AC +4)
You cannot fit into any form of body armour.
You are cold-blooded and may be slowed by cold attacks.


Message History

The adder bites you.
You are more poisoned.
The adder poisons you!
You feel sick.
You feel sick. The adder barely misses you.
You feel sick. The adder barely misses you.
You feel sick.
You feel sick. The adder bites you.
You are lethally poisoned!
The adder poisons you!
You feel sick. The adder bites you but does no damage.
* * * LOW HITPOINT WARNING * * *
You feel sick.
* * * LOW HITPOINT WARNING * * *
You feel sick. The adder completely misses you. The adder bites you.
* * * LOW HITPOINT WARNING * * *
You die...

.........##.##..#..##...#.......#
................#..###..#.#####.#
.........##.##..#..# #..#.# #.#
.##...#####.##.....# #..#.# #.#
.##...#####......>.###..#.### #.#
......##...##.#.#...........# #.#
.###.###...............##.#)# #.#
†# #h# #...##.#.#>.##.###.#.# #.#
.# #.# ##.###...@>.##.###.#.# #.#
.# #.####.#####.##.##..##.(.###.#
.# #.........hS.##..........)...#
## ###############..##.##...#####
#..##.##...# #..........# #.
##.##..## # #.##..# ......#


You could see an adder and a jackal.

Vanquished Creatures
  A dart slug (D:2)
  A giant cockroach (D:1)
  5 hobgoblins
  2 jackals (D:2)
  A kobold (D:1)
  A ball python (D:1)
  2 bats (D:1)
  A frilled lizard (D:1)
  3 goblins
  A rat (D:1)
18 creatures vanquished.

Notes
Turn   | Place    | Note
-------+----------+-------------------------------------------
     0 | D:1      | gmonis the Draconian Fire Elementalist began the quest for the Orb.
     0 | D:1      | Reached XP level 1. HP: 14/14 MP: 3/3
   284 | D:1      | Reached XP level 2. HP: 20/20 MP: 1/5
  1233 | D:2      | HP: 1/20 [adder (4)]
  1234 | D:2      | Succumbed to an adder's poison

Vault maps used:
D:1:      dpeg_arrival_tiny_a, hangedman_decor_opposing

Action                   || total
-------------------------++-------
 Cast: Flame Tongue      ||    33
  Eat: Chunk             ||     1
Armor: Skin              ||     4
Dodge: Dodged            ||     8

Table legend:
 A = Spawn XP
 B = Non-spawn XP
 C = Spawn XP percentage of total XP
 D = Spawn monster count
 E = Non-spawn monster count
 F = Spawn count percentage of total count
 G = Total turns spent on level
                    A         B        C        D         E        F      G
               +---------+---------+-------+---------+---------+-------+---------
         Total |       0 |      32 |   0.0 |       0 |      18 |   0.0 |  1234
               +---------+---------+-------+---------+---------+-------+---------
           D:1 |       0 |      16 |   0.0 |       0 |      11 |   0.0 |   978
           D:2 |       0 |      16 |   0.0 |       0 |       7 |   0.0 |   256
               +---------+---------+-------+---------+---------+-------+---------
